 Dungeon Crawl Stone Soup version 0.24.0-123-gd5b16e6ec5 (webtiles) character file.

Game seed: 7470196025428537865, levelgen mode: deterministic

69 sagitran the Poker (level 4, 0/34 HPs)
             Began as a Merfolk Gladiator on Dec 22, 2019.
             Killed from afar by Natasha (11 damage)
             ... with a magic dart
             ... on level 2 of the Dungeon.
             The game lasted 00:05:27 (1685 turns).

sagitran the Poker (Merfolk Gladiator)              Turns: 1685, Time: 00:05:29

Health: 0/34       AC:  7    Str: 15    XL:     4   Next: 20%
Magic:  4/4        EV: 13    Int:  7    God:
Gold:   86         SH:  0    Dex: 15    Spells: 3/3 levels left

rFire    . . .     SeeInvis .   a - +0 trident
rCold    . . .     Gourm    .   (no shield)
rNeg     . . .     Faith    .   n - +0 ring mail (curse)
rPois    .         Spirit   .   t - +1 helmet
rElec    .         Reflect  .   (no cloak)
rCorr    .         Harm     .   (no gloves)
MR       .....                  (no boots)
Stlth    +.........             (no amulet)
HPRegen  0.11/turn              (no ring)
MPRegen  0.09/turn              (no ring)

@: slowed, very slow
A: change form in water, swift swim, stealthy swim
a: no special abilities


You were on level 2 of the Dungeon.
You were not hungry.

You visited 1 branch of the dungeon, and saw 2 of its levels.

You collected 86 gold pieces.

Inventory:

Hand Weapons
 a - a +0 trident (weapon)
Missiles
 d - 3 throwing nets (quivered)
 h - 6 silver javelins
Armour
 b - a +0 leather armour
 c - a +0 helmet
 n - a cursed +0 ring mail (worn)
 t - a +1 helmet (worn)
Scrolls
 g - a scroll of magic mapping {unknown}
 j - 4 scrolls of teleportation {unknown}
 o - a scroll of enchant weapon {unknown}
 p - a scroll of identify {unknown}
 q - a scroll of amnesia {unknown}
 s - a scroll of enchant armour {unknown}
 u - a scroll of remove curse {unknown}
Potions
 i - a potion of heal wounds {unknown}
 k - a potion of degeneration {unknown}
 l - a potion of mutation {unknown}
 m - a potion of cancellation {unknown}
 r - a potion of ambrosia {unknown}
Comestibles
 f - 3 rations


   Skills:
 + Level 2.8 Fighting
 + Level 5.7 Polearms
 + Level 2.2 Throwing
 + Level 0.5 Armour
 + Level 4.7 Dodging


You had 3 spell levels left.
You didn't know any spells.
Your spell library was empty.

Dungeon Overview and Level Annotations

Branches:
Dungeon (2/15)

Altars:

Annotations:
D:2 Natasha


Message History

The goblin closely misses you.
You miss Natasha.
Natasha is heavily wounded.
Natasha claws you but does no damage. The goblin closely misses you.
The shadow imp misses you. Natasha claws you.
You hit Natasha.
Natasha is almost dead.
The goblin hits you but does no damage. The shadow imp gestures at you.
Pain shoots through your body! Natasha claws you.
* * * LOW HITPOINT WARNING * * *
The goblin barely misses you.
The shadow imp hits you but does no damage.
It was a potion of curing.
You feel better. Natasha barely misses you. The goblin completely misses you.
The shadow imp gestures at you. Pain shoots through your body!
Natasha stares at you and mumbles some strange words.
The magic dart hits you!
You die...

......<...#.####..
.)....##..#.# #..
.##.####..#.# #.# #
.##.####..#.# #.# .#
.##.#.....#.###.## ..#
.##....##.(........ ...#
............###.##.....#
.#.....#.##.###.##.....#
.#....##.##....5@hK.....
............###..g......
##<...##.##.# ##########
............#
##.......#### #########


You could see Natasha, a shadow imp, a goblin and a kobold.

Vanquished Creatures
  3 adders (D:2)
  A dart slug (D:1)
  2 leopard geckos
  6 bats
  3 giant cockroaches
  2 goblins
  3 hobgoblins
  2 jackals (D:2)
  A quokka (D:2)
  4 frilled lizards
  9 kobolds
  2 rats
38 creatures vanquished.

Notes
Turn   | Place    | Note
-------+----------+-------------------------------------------
     0 | D:1      | sagitran the Merfolk Gladiator began the quest for the Orb.
     0 | D:1      | Reached XP level 1. HP: 16/16 MP: 1/1
   290 | D:1      | Reached XP level 2. HP: 22/22 MP: 2/2
   569 | D:1      | Reached skill level 5 in Polearms
  1105 | D:2      | Reached XP level 3. HP: 28/28 MP: 3/3
  1568 | D:2      | Reached XP level 4. HP: 33/34 MP: 4/4
  1673 | D:2      | Noticed Natasha
  1685 | D:2      | Killed from afar by Natasha

Levels and vault maps discovered:
D:1:      minmay_arrival_widening_spiral_wide, layout_basic
D:2:      layout_loops_ring, first_ration, uniq_natasha

Skill      XL: |  1  2 |
---------------+-------+-----
Polearms       | 5 |  5.7
Fighting       | |  2.8
Throwing       | |  2.2
Armour         | |  0.5
Dodging        | |  4.7

Action                   |  1- 3 |  4- 6 || total
-------------------------+-------+-------++-------
Melee: Trident           |   132 |    18 ||   150
Throw: Throwing net      |     1 |       ||     1
  Use: Scroll            |     2 |       ||     2
       Potion            |       |     1 ||     1
  Eat: Ration            |     1 |       ||     1
Armor: Leather armour    |     6 |       ||     6
       Ring mail         |    27 |     9 ||    36
Dodge: Dodged            |    97 |    21 ||   118
